 Dungeon Crawl Stone Soup version 0.30-a0-279-g4b46babb21 (webtiles) character file.

Game seed: 14422955046234480055

33 hikkokomori the Shooter (level 3, -1/22 HPs)
             Began as a Tengu Hunter on Oct 17, 2022.
             Slain by Sigmund
             ... wielding a +0 scythe
              (9 damage)
             ... on level 2 of the Dungeon.
             The game lasted 00:01:41 (935 turns).

hikkokomori the Shooter (Tengu Hunter)               Turns: 935, Time: 00:01:41

Health: -1/22      AC:  0    Str: 11    XL:     3   Next: 29%
Magic:  4/4        EV: 15    Int:  9    God:
Gold:   43         SH:  0    Dex: 19    Spells: 2/2 levels left

rFire   . . .      SeeInvis .    (weapon currently unavailable)
rCold   . . .      Faith    .    (shield currently unavailable)
rNeg    . . .      Spirit   .    (body armour currently unavailable)
rPois   .          Reflect  .    (helmet currently unavailable)
rElec   .          Harm     .    (cloak currently unavailable)
rCorr   .          Rampage  .    (gloves currently unavailable)
Will    .....                    (boots unavailable)
Stlth   +.........               (no amulet)
HPRegen 0.23/turn                (ring currently unavailable)
MPRegen 0.09/turn                (ring currently unavailable)

@: confused, lethally poisoned (-1 -> -2), pig-form, very quick
A: fast, no casting, small, (beak), (talons 3)
a: no special abilities


You were on level 2 of the Dungeon.
You were a filthy swine.
You visited 1 branch of the dungeon, and saw 2 of its levels.

You collected 43 gold pieces.

Inventory:

Hand Weapons
 a - a +0 shortbow (melded)
Missiles
 k - 3 javelins
Armour
 c - a +0 leather armour (melded)
Scrolls
 b - a scroll of immolation
 e - 3 scrolls of identify {unknown}
 f - a scroll of noise {unknown}
 g - a scroll of brand weapon {unknown}
 h - 2 scrolls of teleportation {unknown}
 i - a scroll of fear {unknown}
Potions
 d - 3 potions of heal wounds


   Skills:
 * Level 2.8 Fighting
 + Level 4.6 Ranged Weapons
 + Level 2.6 Dodging
 + Level 1.6 Stealth


You had 2 spell levels left.
You didn't know any spells.
Your spell library was empty.

Dungeon Overview and Level Annotations

Branches:
Dungeon (2/15)

Altars:

Annotations:
D:2 Sigmund


Innate Abilities, Weirdness & Mutations

You are a filthy swine.
You move quickly.
Your equipment is almost entirely melded.
You are incapable of wielding weapons or throwing items.
You cannot cast spells.
((You have a beak for a mouth.))
((You have claws for feet.))


Message History

You feel less batty.
Your +0 shortbow unmelds from your body.
Your +0 leather armour unmelds from your body.
You see here 6 stones.
The endoplasm freezes you.
You are frozen.
You shoot an arrow. The arrow hits the endoplasm!
You kill the endoplasm!
No target in view!
Found a stone staircase leading up.
An adder comes into view.
The adder hisses angrily.
There is a stone staircase leading up here.
You open the door. You shoot an arrow. The arrow barely misses the adder.
The adder bites you. The adder closely misses you.
Sigmund gestures at you while chanting.
You are confused.
The adder barely misses you.
In your confused state, you trip and fall back down the stairs.
The adder bites you but does no damage.
Sigmund points at you and mumbles some strange words.
You are more confused.
Unknown command.
It was a potion of heal wounds.
You feel much better. The adder barely misses you.
Sigmund gestures at you while chanting. The magic dart hits you.
It was a potion of magic.
Magic courses through your body. The adder bites you.
You are poisoned.
The adder poisons you!
Sigmund zaps a wand.
You turn into a filthy swine.
Your +0 shortbow melds into your body.
Your +0 leather armour melds into your body.
You miss the adder.
You feel sick. The adder barely misses you. The adder closely misses you.
You completely miss the adder.
You feel sick. The adder closely misses you.
You miss the adder.
You feel sick. The adder misses you.
You feel sick. The adder bites you.
Sigmund hits you from afar with a +0 scythe!
You die...

..........##.########....###
..................# ######
.......(..##.###..#
...........#.# . +
..........##.#.# .#
#####+#.####.#. ..#
#.....@.... #.####'#.#..#
#.....hS...# ####........#
+........# #........#
.........# ########.## .# #


You could see Sigmund and an adder.

Vanquished Creatures
  A dart slug (D:1)
  2 ball pythons (D:1)
  A bat (D:2)
  2 endoplasms
  2 goblins (D:1)
  4 hobgoblins
  4 quokkas (D:1)
  2 frilled lizards
  6 kobolds (D:1)
  3 rats
27 creatures vanquished.

Notes
Turn   | Place    | Note
-------+----------+-------------------------------------------
     0 | D:1      | hikkokomori the Tengu Hunter began the quest for the Orb.
     0 | D:1      | Reached XP level 1. HP: 12/12 MP: 2/2
   121 | D:1      | Reached XP level 2. HP: 17/17 MP: 3/3
   373 | D:1      | Reached XP level 3. HP: 22/22 MP: 4/4
   862 | D:2      | Noticed Sigmund
   935 | D:2      | Slain by Sigmund

Illustrated notes

Levels and vault maps discovered:
D:1:      lemuel_arrival_behind_the_door_large, layout_loops_ring,
          amethyst_killhole, nicolae_figureground_pulse
D:2:      layout_basic, serial_shops, shop, minivault_4,
          kennysheep_small_spiral, uniq_sigmund

Action                   || total
-------------------------++-------
Melee: Unarmed           ||     5
 Fire: Shortbow          ||    66
  Use: Potion            ||     2
Armor: Leather armour    ||     6
Dodge: Dodged            ||    13

Table legend: (Time is in decaauts)
 A = Elapsed time spent in this place.
 B = Non-inter-level travel time spent in this place.
 C = Inter-level travel time spent in this place.
 D = Time resting spent in this place.
 E = Time spent auto-exploring this place.
 F = Levels seen in this place.
 G = Mean time per level.
                   A        B        C        D        E       F      G
               +--------+--------+--------+--------+--------+-----+--------+
         Total |    937 |    918 |     19 |      0 |    737 |   2 |  468.5 |
       Dungeon |    937 |    918 |     19 |      0 |    737 |   2 |  468.5 |
               +--------+--------+--------+--------+--------+-----+--------+

Top non-repeatable levels by time:
     D:1: 720 daAuts
     D:2: 217 daAuts
